Unix NetHack Version 3.7.0-82 Work-in-progress - last build Apr 17 2023 03:07:26 (e853d47aa369caa3f400cfc56ad4c4ae4a18b75a,branch:master). Game began 2023-04-21 16:53:00, ended 2023-04-21 19:36:57. tromix, neutral female human Ranger ------------- |C.....@M..C|# |.....C.....%# |...-----..%|# |...| |...| ...C| |C..| |.... |...| |...-----...| |.....C..%..| |C.........C| ------------- Tromix the Trailblazer St:17 Dx:13 Co:15 In:14 Wi:13 Ch:6 Neutral Dlvl:7 $:14 HP:0(39) Pw:42(42) AC:-3 Exp:7 T:5358 Burdened Latest messages: You have a little trouble lifting x - a mummy wrapping. The fox misses! The fox strikes at your displaced image and misses you! The fox strikes at your displaced image and misses you! The fox bites! You kill the fox! The gnome mummy hits! You hit the gnome mummy! The gnome mummy misses! The gnome mummy misses! You destroy the gnome mummy! The vampire bat misses! The vampire bat misses! You hit the vampire bat! The vampire bat bites! The vampire bat bites again! You hit the vampire bat! The vampire bat misses! The vampire bat bites! The vampire bat's bite was poisoned! You feel weaker! The vampire bat misses! The vampire bat just misses! You hit the vampire bat! The vampire bat bites! The vampire bat bites again! The vampire bat bites! The vampire bat bites again! You hit the vampire bat. The vampire bat bites! The vampire bat bites again! The vampire bat bites! The vampire bat bites again! You kill the vampire bat! You see here a fox corpse. You kill the gnome! The kobold zombie hits! You destroy the kobold zombie! The human mummy strikes at your displaced image and misses you! You hit the human mummy! The human mummy misses! The human mummy hits! You hit the human mummy! The human mummy hits! The human mummy misses! You hit the human mummy! The human mummy hits! The human mummy hits again! You die... Do you want your possessions identified? [ynq] (y) q Inventory: Coins $ - 14 gold pieces Weapons c - 48 +2 arrows (in quiver) b - a +1 bow (alternate weapon; not wielded) a - a +1 dagger (weapon in hand) q - 2 +0 daggers Armor U - an uncursed +0 dwarvish iron helm (being worn) V - an uncursed +1 pair of iron shoes (being worn) X - a cursed -1 pair of levitation boots W - a blessed +0 dwarvish roundshield (being worn) e - an uncursed +2 cloak of displacement (being worn) x - an uncursed +0 mummy wrapping k - an uncursed +0 studded leather armor (being worn) Comestibles z - an uncursed partly eaten food ration Y - 2 uncursed food rations Scrolls K - an uncursed scroll of destroy armor Z - an uncursed scroll of enchant weapon o - an uncursed scroll of fire m - an uncursed scroll of gold detection L - 2 uncursed scrolls of identify f - a cursed scroll of identify J - a cursed scroll of identify w - a blessed scroll of light Potions n - an uncursed potion of confusion A - an uncursed potion of gain energy G - an uncursed potion of gain level p - a cursed potion of levitation u - a blessed potion of polymorph i - an uncursed potion of restore ability S - a cursed potion of restore ability j - a blessed potion of speed g - an uncursed potion of water Rings C - a cursed +0 ring of gain strength Wands H - a wand of magic missile (0:4) Tools d - an uncursed blindfold I - a magic marker (0:88) l - a blessed oil lamp F - a blessed oil lamp s - an uncursed oil lamp P - an uncursed oil lamp y - an uncursed skeleton key O - an uncursed towel Gems/Stones t - an uncursed worthless piece of black glass R - an uncursed worthless piece of blue glass h - an uncursed worthless piece of orange glass r - an uncursed worthless piece of red glass Q - 2 uncursed worthless pieces of red glass N - an uncursed worthless piece of white glass v - 2 uncursed worthless pieces of yellowish brown glass Tromix the Ranger's attributes: Background: You were a Trailblazer, a level 7 female human Ranger. You were neutral, on a mission for Venus who was opposed by Mercury (lawful) and Mars (chaotic). You were in the Dungeons of Doom, on level 7. You entered the dungeon 5358 turns ago. There was a new moon in effect when your adventure ended. You had 1153 experience points, 127 more were needed to attain level 8. Basics: You had 0 out of 39 hit points. You had all 42 energy points (spell power). Your armor class was -3. Your wallet contained 14 zorkmids. Autopickup was off. Final Characteristics: Your strength was 17 (peak:18/03, limit:18/100). Your dexterity was 13 (limit:18). Your constitution was 15 (limit:18). Your intelligence was 14 (limit:18). Your wisdom was 13 (limit:18). Your charisma was 6 (limit:18). Final Status: You were not hungry. You were burdened; movement was slightly slowed. You were wielding a dagger. You were skilled in dagger and could have enhanced that. Final Attributes: You were piously aligned. You were telepathic. You had automatic searching. You were displaced. You were stealthy. You were warded. You are dead. Miscellaneous: You disabled loading of bones levels. Total elapsed playing time was 1 hour, 42 minutes and 18 seconds. Major events: Turn 1: tromix the neutral female human Ranger entered the dungeon 516: entered the Gnomish Mines 933: attained the rank of Lookout (level 3) 2909: attained the rank of Trailblazer (level 6) 2988: reached Mine Town 5358: killed by a human mummy Vanquished creatures: 3 small mimics a vampire bat an orc mummy a jaguar a gnome mummy an imp 10 Mordor orcs a rock piercer a violet fungus 4 gnome leaders 2 gnomish wizards a ghoul 2 giant ants 2 little dogs a floating eye 8 dwarves 3 kobold shamans a rothe a giant bat 2 orc zombies 2 dwarf zombies a wererat 3 iguanas 2 killer bees an acid blob 2 coyotes a gas spore a hobbit 5 manes a hobgoblin 6 giant rats 3 cave spiders 26 gnomes 5 geckos 3 jackals 3 foxes 2 kobolds 2 goblins 2 sewer rats 10 grid bugs 2 bats 4 lichens 6 kobold zombies 4 newts 144 creatures vanquished. No species were genocided or became extinct. Voluntary challenges: You read items or engraved 4 times. You never engraved Elbereth. You never genocided any monsters. You never polymorphed an object. You never changed form. You used no wishes. Achievements: You entered the Gnomish Mines. You attained the rank of Lookout. You entered a shop. You attained the rank of Trailblazer. You entered Minetown. You entered a temple. The Dungeons of Doom: levels 1 to 7 Level 1: A fountain, a sink. Level 2: Stairs down to The Gnomish Mines. Level 3: A general store, a sink. Level 4: Level 5: A scroll shop, a fountain. Level 6: Level 7: <- You were here. Final resting place for you, killed by a human mummy. The Gnomish Mines: levels 3 to 6 Level 3: Level 4: Level 5: Many shops, a temple, many fountains. Level 6: Game over: ---------- / \ / REST \ / IN \ / PEACE \ / \ | tromix | | 14 Au | | killed by a | | human mummy | | | | | | 2023 | *| * * * | * _________)/\\_//(\/(/\)/\//\/|_)_______ Goodbye tromix the Ranger... You died in The Dungeons of Doom on dungeon level 7 with 4945 points, and 14 pieces of gold, after 5358 moves. You were level 7 with a maximum of 39 hit points when you died.